 Dungeon Crawl Stone Soup version 0.28-b1-1-g3c77fb2ed1 (webtiles) character file.

Game seed: 287152309704925907

16 markar the Skirmisher (level 2, 0/49 HPs)
             Began as an Ogre Berserker on Jan 29, 2022.
             Was a Follower of Trog.
             Slain by a kobold (2 damage)
             ... on level 1 of the Dungeon.
             The game lasted 00:01:46 (185 turns).

markar the Skirmisher (Ogre Berserker)               Turns: 185, Time: 00:01:48

Health: 0/49       AC:  3    Str: 20    XL:     2   Next: 58%
Magic:  2/2        EV: 10    Int:  8    God:    Trog [*.....]
Gold:   8          SH:  0    Dex:  8    Spells: 1/1 levels left

rFire   . . .      SeeInvis .   d - +0 flail
rCold   . . .      Faith    .   (no shield)
rNeg    . . .      Spirit   .   b - +0 animal skin
rPois   .          Reflect  .   (helmet restricted)
rElec   .          Harm     .   (no cloak)
rCorr   .          Rampage  .   (gloves unavailable)
Will    .....                   (boots unavailable)
Stlth   ..........              (no amulet)
HPRegen 0.16/turn               (no ring)
MPRegen 0.08/turn               (no ring)

@: berserking, very quick
A: large, unfitting armour, tough skin 1
a: Renounce Religion, Berserk


You were on level 1 of the Dungeon.
You worshipped Trog.
Trog was aware of your devotion.
You visited 1 branch of the dungeon, and saw 1 of its levels.

You collected 8 gold pieces.

Inventory:

Hand Weapons
 a - a +0 mace
 d - a +0 flail (weapon)
 e - a +0 quarterstaff
Armour
 b - a +0 animal skin (worn)
Scrolls
 f - a scroll of fog {unknown}
Potions
 c - a potion of degeneration {unknown}


   Skills:
 - Level 4.3 Fighting
 + Level 3.0 Maces & Flails
 - Level 2.9 Dodging


You had one spell level left.
You didn't know any spells.
Your spell library was empty.

Dungeon Overview and Level Annotations

Branches:
Dungeon (1/15)

Altars:


Innate Abilities, Weirdness & Mutations

You are too large for most types of armour.
You have tough skin. (AC +1)


Message History

The dart slug bites you but does no damage.
You hit the dart slug.
The dart slug is severely wounded.
A rat comes into view.
The endoplasm hits you but does no damage.
The kobold hits you with a +0 club.
A frilled lizard comes into view.
The dart slug launches a dart at you. The slug dart hits you.
You completely miss the dart slug.
The dart slug is severely wounded.
The frilled lizard hisses angrily.
The endoplasm hits you.
The kobold hits you with a +0 short sword.
The kobold closely misses you.
You hit the dart slug.
The dart slug is almost dead.
The endoplasm freezes you.
You are frozen.
The kobold hits you with a +0 short sword.
The kobold barely misses you.
The dart slug briefly extends its eye-stalks.
The dart slug launches a dart at you. The slug dart hits you.
The endoplasm freezes you.
You are frozen.
* * * LOW HITPOINT WARNING * * *
The kobold hits you with a +0 short sword.
* * * LOW HITPOINT WARNING * * *
The kobold hits you with a +0 club.
* * * LOW HITPOINT WARNING * * *
Okay, then.
A red film seems to cover your vision as you go berserk!
You feel yourself moving faster!
You feel mighty! The dart slug launches a dart at you.
The slug dart misses you.
The slug dart hits the kobold.
The endoplasm hits you.
* * * LOW HITPOINT WARNING * * *
The kobold barely misses you. The kobold hits you with a +0 club.
You die...

# #.###.#.#..# #.# ...
.....#.####### #.# ...
#.#.###.......# #.#
..# ...#.#.........##
#.# .## #.#
#.###........# #.# .#
#.
............###†####
.............#..[..##
....r...............#
......w@K............#
.......KJ..†.........#
..##..##............(#
#8.. #.........^...#
#..> ...l...........#
#..................##
##8..8#.....#.....##
##..####..#..##### ###
......#


You could see a dart slug, an endoplasm, 2 kobolds, a frilled lizard and a rat.

Vanquished Creatures
  A gnoll (D:1)
  A goblin (D:1)
  A hobgoblin (D:1)
  2 kobolds (D:1)
  2 bats (D:1)
  A rat (D:1)
8 creatures vanquished.

Notes
Turn   | Place    | Note
-------+----------+-------------------------------------------
     0 | D:1      | markar the Ogre Berserker began the quest for the Orb.
     0 | D:1      | Reached XP level 1. HP: 24/24 MP: 1/1
    31 | D:1      | Reached XP level 2. HP: 33/33 MP: 2/2
   185 | D:1      | HP: 2/49 [endoplasm (2)]
   185 | D:1      | Slain by a kobold

Illustrated notes

Levels and vault maps discovered:
D:1:      lightli_arrival_statuegarden, layout_rooms, minmay_misc_feat_roman,
          st_stairs_6, minivault_14

Skill      XL: |  1  2 |
---------------+-------+-----
Maces & Flails | 3 |  3.0
Fighting       | |  4.3
Dodging        | |  2.9

Action                   || total
-------------------------++-------
Melee: Mace              ||     8
       Flail             ||    15
       Punch             ||     1
Invok: Berserk           ||     2
Armor: Animal skin       ||    11
Dodge: Dodged            ||    16
